[Event "SixDays Budapest March GM-B 2023"]
[Site "Budapest"]
[Date "2023.03.25"]
[Round "2.1"]
[White "Vantika Agrawal"]
[Black "Pribelszky, Bence"]
[Result "1/2-1/2"]
[ECO "E18"]
[WhiteElo "2367"]
[BlackElo "2380"]
[Annotator "TA"]
[PlyCount "172"]
[EventDate "2023.03.24"]
[EventType "tourn"]
[EventCountry "HUN"]
[SourceTitle "playchess.com"]
[Source "ChessBase"]
[SourceQuality "1"]
[TimeControl "5400+30"]

1. d4 e6 2. c4 b6 3. g3 Bb7 4. Nf3 Nf6 5. Bg2 Be7 6. O-O O-O 7. Nc3 Ne4 8. Bd2 f5 9. Ne5 {[%emt 0:01:14] E18: Queen's Indian: Old Main Line (4 g3 Bb7 5 Bg2 Be7 6 0-0 0-0 7 Nc3).} Nxc3 10. Bxc3 Bxg2 11. Kxg2 {[%emt 0:00:04] White is slightly better.} Bf6 12. Qd3 d5 13. Rfd1 c6 14. Rac1 {[%emt 0:09:06] White is more active.} Bxe5 15. dxe5 Na6 {[%emt 0:00:04] [#]} 16. b4 $146 ({Predecessor:} 16. f3 Nc5 17. Qe3 Na6 18. cxd5 cxd5 19. Bd4 Qe7 20. Rc3 Rfc8 21. Rdc1 Qd7 22. a3 Rxc3 23. Qxc3 {½-½ Haug,J (2431)-Ranaldi,L (2262) NOR-ch Larvik 2019 (1)}) 16... Nc7 {[%emt 0:01:09] Black is weak on the dark squares} 17. a4 (17. Bd2 $5 ) 17... Qe7 18. Bd2 Rfd8 19. h4 Qf8 20. Bg5 Rd7 21. c5 b5 22. a5 d4 23. Qf3 Rd5 $1 24. h5 h6 25. Bf4 Qf7 26. Rd3 Rad8 27. Rcd1 Na6 28. Rb1 R8d7 29. Rb2 Kf8 30. g4 Nc7 (30... g5 $1 $11 31. hxg6 Qxg6) 31. Rbd2 (31. Rb1 $14) 31... fxg4 (31... Na6 $11 32. Rb2 g5 33. hxg6 Qxg6) 32. Qxg4 $14 Qf5 $1 33. Qh4 Qe4+ 34. f3 Qf5 35. Bg3 Qg5 36. Qxg5 (36. Rxd4 $2 Qxh4 37. Rxd5 Rxd5 $19) 36... hxg5 37. Kh3 Na6 $1 38. Rb2 {[%emt 0:00:08] And now Kg4 would win.} g6 (38... Rf7 $14) 39. Kg4 (39. hxg6 Kg7 $14) (39. h6 $1 $16) 39... gxh5+ 40. Kxh5 Rh7+ 41. Kxg5 (41. Kg4 $5 ) 41... Rh1 (41... Nc7 $14) 42. Kf4 (42. Bf2 $1 $16) 42... Rc1 43. Ke4 $1 Rc4 44. Be1 Nc7 45. Bf2 ({White should play} 45. Rb1 $16) 45... Rd7 (45... Na6 $11) 46. Rxd4 $16 Rdxd4+ 47. Bxd4 {[%emt 0:00:03][%mdl 4096] Endgame KRB-KRN} Nd5 48. e3 Nxb4 49. Rh2 Na6 50. Kf4 (50. Rh7 $16) 50... Nxc5 (50... Kg7 $1 $11 {keeps the balance.}) 51. Kg5 (51. Rh7 $1 $16 {[%cal Of4g5] Hoping for Kg5!} Ke8 52. Rxa7) 51... Kg7 $1 $11 52. Rh6 b4 53. Rg6+ Kf7 54. Rh6 Nd7 {[%emt 0:01:28] ...c5 is the strong threat.} 55. f4 $2 (55. Bxa7 $11 {and White is okay.} b3 56. Rh7+ (56. Bd4 c5 $17) 56... Ke8 57. Rh1 (57. Bd4 c5 $17)) 55... c5 $19 56. f5 Nf8 (56... cxd4 57. fxe6+ Ke8 58. exd7+ Kxd7 59. exd4 (59. Rd6+ $2 Kc7 $19) 59... Rxd4 60. Ra6 $11 (60. Kf5 b3 $11)) 57. fxe6+ $2 (57. Ba1) 57... Nxe6+ 58. Kf5 Ng7+ (58... Nxd4+ 59. exd4 Rxd4 60. e6+ Ke8 61. Rh8+ Ke7 62. Rh7+ Ke8 63. Rh8+ (63. Rxa7 b3 $11) 63... Ke7 64. Rh7+ Ke8 65. Rh8+ $11 (65. Rxa7 b3 $11)) 59. Ke4 cxd4 {[%emt 0:00:03] KRN-KR} 60. Kd5 Rc1 {[%emt 0:01:13] White must now prevent ...d3.} 61. exd4 b3 62. Rh2 Nf5 63. Rh7+ $2 (63. Ke4 Ne7 64. Rb2) 63... Kg6 64. Rb7 Ne3+ $2 (64... Rb1 {...b2 would be deadly.} 65. Rxa7 Ne3+ 66. Ke4 Re1) 65. Ke6 Nf5 $2 (65... Rc6+ 66. Kd7 Rc3 67. e6 $15) (65... Rc3 $19 {aiming for ...Nc4.} 66. Rxa7 (66. d5 $2 Nc4 $19) 66... b2) 66. d5 $2 (66. Kd5 $11) 66... Nd4+ 67. Kd6 a6 $2 (67... Rc2 $19 {is more deadly.} 68. Rb4 b2) 68. Rb4 $17 Nb5+ 69. Ke6 $2 (69. Ke7 $17 {is a better defense.}) 69... Nc7+ 70. Kd6 {[%emt 0:00:07] [#]} Rc3 $1 71. e6 {[%emt 0:00:25] [#]} Kf5 $2 ({Better is} 71... Ne8+ $1 $19 72. Ke5 Rg3) 72. e7 $15 Ne8+ 73. Kd7 Nf6+ 74. Kd8 Rd3 ({Resist} 74... Nxd5 75. e8=Q (75. e8=R $2 {too greedy.} Nxb4 76. Rf8+ Ke4 $19) 75... Nxb4 76. Qf8+ Ke4 77. Qxb4+ $16) 75. Kc8 Rxd5 (75... Nxd5 $2 76. e8=Q Rc3+ 77. Kb7 Nxb4 78. Qf8+ Ke4 79. Qxb4+ $18) 76. Rxb3 Rxa5 ({Black should try} 76... Ke6 $1 $15 77. Rb6+ Kxe7 78. Rxa6 Rc5+ 79. Kb7 Nd5) 77. Rf3+ $11 {[%emt 0:00:13] The position is equal.} Ke6 78. Rxf6+ $1 {[%emt 0:00:08][%mdl 64] Remove Defender, Promotion} Kxe7 $1 {[%emt 0:00:02] KR-KR} 79. Rc6 Ra1 80. Kb7 a5 81. Ka6 a4 82. Ka5 a3 83. Ka4 a2 {[%emt 0:00:06] ( -> ...Rb1)} 84. Ka3 Rd1 85. Kxa2 Rd6 86. Rxd6 Kxd6 {[%emt 0:00:04] Whites escaped into a draw.   Weighted Error Value: White=0.40/Black=0.17 (very precise)} 1/2-1/2

[Event "SixDays Budapest March GM-B 2023"]
[Site "Budapest"]
[Date "2023.03.25"]
[Round "2.2"]
[White "Royal, Shreyas"]
[Black "Varga, Csaba Zoltan"]
[Result "1/2-1/2"]
[ECO "D02"]
[WhiteElo "2452"]
[BlackElo "2278"]
[Annotator "TA"]
[PlyCount "117"]
[EventDate "2023.03.24"]
[EventType "tourn"]
[EventCountry "HUN"]
[SourceTitle "playchess.com"]
[Source "ChessBase"]
[SourceQuality "1"]
[TimeControl "5400+30"]

1. d4 d5 2. Nf3 c5 3. c4 dxc4 4. e3 cxd4 5. Bxc4 Qc7 6. Qb3 e6 7. O-O Nc6 8. exd4 {[%emt 0:01:51] [#] Hoping for d5.} Nf6 {[%emt 0:00:31] D21: Queen's Gambit Accepted: 3 Nf3 sidelines.} 9. Nc3 a6 {[%emt 0:00:05] And now ...Na5 would win.} 10. Bd3 (10. d5 $2 Na5 11. dxe6 (11. Qa4+ $2 Bd7 $19) 11... fxe6 $19) 10... Be7 {[%emt 0:00:07] White is slightly better.} 11. Bg5 O-O 12. Rac1 {[%emt 0:01:10] [#]} Kh8 $146 (12... Rd8 $11) ({Predecessor:} 12... Nxd4 13. Nxd4 Ng4 14. f4 Bxg5 15. Bxh7+ Kxh7 16. Ne4 Qxf4 17. Rxf4 Bxf4 18. Qh3+ Kg8 19. Qxg4 {½-½ Studer,N (2579)-Kurmann,O (2430) SUI World Cup Qual 2021 (3)}) 13. Ne4 Nxe4 14. Bxe4 Bxg5 15. Nxg5 Qf4 (15... h6 $14) 16. Qe3 (16. Qh3 h6 17. Bxc6 bxc6 $14) (16. Nxh7 {keeps more tension.} Nxd4 17. Qe3 Rd8 18. Ng5) 16... Nxd4 {[%emt 0:01:37] aiming for ...Qxe3.} 17. Qxf4 ({Wrong is} 17. Rxc8 $2 Raxc8 18. Nxf7+ Qxf7 $19) ({Better is} 17. Rcd1 $16 {[%cal Od1d4] Rxd4! is the strong threat.} Qxe3 18. fxe3) 17... Ne2+ $14 18. Kh1 Nxf4 19. Nxh7 Re8 {[%emt 0:02:00] Threatens to win with ...f5.} 20. Ng5 f6 21. Nf7+ Kg8 22. Nd6 {[%emt 0:02:26][%csl LRb7,LRe8] White has more active pieces. The black rooks are badly placed.} Rd8 23. Rxc8 ({Don't play} 23. Bxb7 Bxb7 24. Nxb7 Rd2 $15) 23... Raxc8 24. Nxc8 Rxc8 25. Bxb7 $16 {[%emt 0:00:05][%mdl 4096] Endgame KRB-KRN} Rb8 26. Bxa6 Rxb2 27. Bc4 Kf7 28. Kg1 (28. g3 $16 Nd5 29. Kg1) 28... Rc2 $1 $11 29. Bb3 Ne2+ $1 30. Kh1 Rb2 31. Rd1 Nc3 32. Re1 Ne4 {[%emt 0:03:36][%mdl 64] [#] Deflection, Back Rank} 33. Bxe6+ (33. Rxe4 $2 {leads to mate.} Rb1+) 33... Kxe6 $14 {[%emt 0:00:47] KRN-KR} 34. f3 {[%emt 0:00:06][%mdl 64] Pin} f5 {[%emt 0:01:52] The position is equal.} 35. fxe4 Rxa2 36. exf5+ Kxf5 $11 {[%emt 0:00:06] KR-KR} 37. h3 g5 38. Kh2 Ra3 39. Rf1+ Kg6 40. Rf8 Kg7 41. Rb8 Kf6 42. Rb6+ Ke5 43. Kg1 Kf5 44. Rb5+ Kf6 45. Rd5 Kg6 46. Kf2 Ra2+ 47. Kf3 Ra3+ 48. Ke4 (48. Kg4 $5 Ra4+ $8 49. Kg3 $14) 48... Rg3 49. Rd2 Kf6 50. Re2 Kg6 51. Ke5 Ra3 52. Rd2 Re3+ 53. Kd4 Rg3 54. Rf2 Ra3 55. Rd2 g4 56. Ke4 gxh3 57. gxh3 Rxh3 58. Rd3 Rxd3 59. Kxd3 {Weighted Error Value: White=0.07 (flawless) /Black=0.05 (flawless)} 1/2-1/2

[Event "SixDays Budapest March GM-B 2023"]
[Site "Budapest"]
[Date "2023.03.25"]
[Round "2.3"]
[White "Joshua, A P"]
[Black "Moksh Amit Doshi"]
[Result "0-1"]
[ECO "B90"]
[WhiteElo "2300"]
[BlackElo "2388"]
[Annotator "TA"]
[PlyCount "96"]
[EventDate "2023.03.24"]
[EventType "tourn"]
[EventCountry "HUN"]
[SourceTitle "playchess.com"]
[Source "ChessBase"]
[SourceQuality "1"]
[TimeControl "5400+30"]

1. e4 c5 2. Nf3 d6 3. d4 cxd4 4. Nxd4 Nf6 5. Nc3 a6 6. Rg1 b5 7. a4 {[%emt 0:01:41] B90: Sicilian Najdorf: Unusual White 6th moves, 6 Be3 Ng4 and 6 Be3 e5.} b4 8. Nd5 e6 (8... Nxe4 {with more complications.} 9. Qe2 Nc5 10. g4 Bb7) 9. Nxf6+ {[%emt 0:00:57] The position is equal.} Qxf6 10. Be3 Bb7 11. Qd2 {[%emt 0:00:56] [#]} d5 $146 ({Predecessor:} 11... Bxe4 12. f3 Bb7 13. Qxb4 Qe7 14. Qb6 Qd7 15. O-O-O Qc8 16. Nb3 Nc6 17. Bd4 e5 {1-0 Nepomniachtchi,I (2784)-Giri,A (2764) Legends of Chess Final 2020 (1.25)}) 12. O-O-O {[%emt 0:07:37] Threatens to win with exd5.} Be7 (12... Nd7 $11) 13. Nf3 $1 $18 {[%emt 0:17:01] aiming for Bg5.} e5 (13... Qg6 {keeps fighting.}) 14. exd5 Qd6 15. Bc4 (15. Nxe5 $1 $18 Qxe5 16. d6 Qxd6 17. Qxd6 Bxd6 18. Rxd6) 15... O-O 16. Ng5 Bxg5 17. Bxg5 Nd7 18. Be3 Rac8 19. Bb3 Rfd8 20. Kb1 a5 21. Rge1 h6 22. f4 exf4 23. Bxf4 Qg6 24. Be3 Nf6 25. Qd3 Qxd3 26. Rxd3 Nxd5 27. Red1 Re8 28. Bxh6 (28. Bxd5 Bxd5 29. Rxd5 Rxe3 $14) 28... Ne7 $2 (28... gxh6 $16 {was worth a try.} 29. Bxd5 Ba8) 29. Bg5 {[%emt 0:01:29] Hoping for Rd7.} Bxg2 30. Rd7 Kf8 31. Re1 f6 32. Bf4 Bc6 (32... Bh3 {was called for.} 33. Ra7 Rcd8 34. Rxa5 Nf5 35. Rxe8+ Kxe8) 33. Ra7 {[%emt 0:00:59] Strongly threatening Bd6.} Rcd8 {[%emt 0:00:23] Dodges Bd6} 34. Be3 (34. Rxa5 Nd5 35. Bg3 Rxe1+ 36. Bxe1 Ke7 $18) 34... f5 35. Bc5 Be4 36. Rxa5 g5 37. Be3 $2 {[%emt 0:00:20] A strong pair of Bishops.} (37. Ra7 $18 {has better winning chances.}) 37... Nc6 $16 38. Rb5 f4 $2 (38... Nd4 $14 39. Bxd4 (39. Rxb4 Nxb3 40. Rxb3 Rc8 $14) 39... Rxd4) 39. Bc5+ $18 Kg7 {[%emt 0:00:08][%cal Oe4c2] White must now prevent ...Bxc2+!} 40. Rg1 (40. Bxb4 $2 Nxb4 41. Rg1 f3 42. Rxb4 f2 $19) 40... Kf6 {[%emt 0:02:23] [#]} 41. Rb7 ({Don't take} 41. Bxb4 $6 Nxb4 42. Rxb4 Rb8 43. Rxb8 Rxb8 $11) (41. h4 $1 $18) 41... Re5 (41... Bd5 $16 {might work better.}) 42. Bxb4 $4 (42. Rf7+ $18 {is the narrow road to win.} Kg6 43. Rxf4) 42... Nxb4 $19 43. Rxb4 {[%emt 0:00:05][%cal Oh2h4] [#]} f3 {[%emt 0:00:04] Black is more active.} ({Black should try} 43... Kf5 $1 {...f3 would be deadly.} 44. Kc1 Rh8) 44. Kc1 $2 (44. Rf1 $17) 44... f2 {[%emt 0:00:21][%cal Rf2g1] Black is clearly winning.} 45. Rf1 Bf3 46. Rb6+ Ke7 {[%emt 0:00:35] ( -> ...Re1+)} 47. Re6+ Rxe6 48. Bxe6 Kxe6 {[%emt 0:00:09] Weighted Error Value: White=0.70/Black=0.57} 0-1

[Event "SixDays Budapest March GM-B 2023"]
[Site "Budapest"]
[Date "2023.03.25"]
[Round "2.4"]
[White "Tran, Thanh Tu"]
[Black "Ilincic, Zlatko"]
[Result "0-1"]
[ECO "A46"]
[WhiteElo "2402"]
[BlackElo "2302"]
[Annotator "TA"]
[PlyCount "90"]
[EventDate "2023.03.24"]
[EventType "tourn"]
[EventCountry "HUN"]
[SourceTitle "playchess.com"]
[Source "ChessBase"]
[SourceQuality "1"]
[TimeControl "5400+30"]

1. d4 Nf6 2. Nf3 e6 3. Bf4 b6 4. e3 Bb7 5. Nbd2 Be7 6. Bd3 d5 7. Ne5 O-O 8. Qf3 Nbd7 9. Qh3 {[%emt 0:01:02] D02: 1 d4 d5 2 Nf3 sidelines, including 2...Nf6 3 g3 and 2...Nf6 3 Bf4.} g6 10. Ndf3 (10. Bh6 {keeps more tension.} Re8 11. f4 c5 12. O-O) 10... Nxe5 {[%emt 0:03:59] [#]} 11. dxe5 $146 {[%emt 0:05:49] White is slightly better.} (11. Nxe5 $5 Nd7 12. Nf3 $11) ({Predecessor:} 11. Nxe5 c5 12. c3 Nd7 13. Nf3 Bf6 14. Bb5 a6 15. Bxd7 Qxd7 16. Bh6 Rfe8 17. O-O {½-½ Rasted,T-Einarsson,B (2195) Politiken Cup 19th 1997 (5)}) 11... Nd7 (11... Ne4 $11 {keeps the balance.}) 12. O-O-O (12. Qh6 $1 $16) 12... Nc5 (12... Re8 $14) 13. Bh6 Re8 14. Qg3 Nxd3+ 15. Rxd3 c5 (15... Ba6 $14) 16. h4 $1 $16 d4 (16... Ba6 $16 {was necessary.}) 17. Ng5 $1 $18 (17. exd4 Be4 $11) 17... Qd5 18. f3 Qxa2 $2 (18... f6) 19. Qf4 Rf8 (19... Bxg5 $2 20. Qxg5 Qa1+ 21. Kd2 Qxh1 22. Qf6 Qxg2+ 23. Kc1 Qg1+ 24. Rd1 $18) (19... Qa1+ {was worth a try.} 20. Kd2 Qa5+ 21. Ke2 Rf8) 20. Ra3 $1 (20. Bxf8 Qa1+ 21. Kd2 Qa5+ 22. Kc1 Qa1+ 23. Kd2 Qa5+ 24. Kd1 Rxf8 $16) 20... Qd5 (20... Bxg5 $2 21. hxg5 f5 22. Rxa2 $18) 21. Bxf8 Rxf8 22. e4 $2 (22. Rxa7 $18 {Hoping for Ne4.} dxe3 23. Rd1) 22... Qd8 23. Rxa7 Qb8 24. Ra2 h6 {[%emt 0:00:27] [#]} ({Better is} 24... Kg7 $14) 25. Nh3 (25. Nxe6 $1 $16 fxe6 26. Qxh6) 25... Kg7 $14 26. Nf2 h5 (26... b5 $16) 27. g4 $18 Rh8 28. gxh5 Rxh5 {[%emt 0:00:17] [#]} 29. Ng4 $1 {[%emt 0:00:04] Threatens to win with Nf6.} Kf8 (29... Qd8 $16 {keeps fighting.} 30. Nf6 (30. Ra7 Rxh4 {[%mdl 64] Remove Defender} 31. Rxh4 Bg5 $11) 30... Bxf6 31. Qxf6+ (31. exf6+ Qxf6 32. Qxf6+ Kxf6 $16) 31... Qxf6 32. exf6+ Kxf6) 30. Nf6 ({Inferior is} 30. Nh6 Bg5 31. hxg5 Rxh1+ 32. Kd2 f5 33. exf5 (33. gxf6 $2 Qe8 $19) 33... exf5 $11) 30... Bxf6 31. Qxf6 Qxe5 32. Qd8+ (32. Qxe5 $18 {White wants to mate with Qc7.} Rxe5 33. Ra7) 32... Kg7 $16 33. Ra7 $2 {[%emt 0:00:52][%mdl 8192] This move loses the game for White.} ({Stronger than} 33. Qxb6 Qf4+ 34. Kb1 Qxf3 $17) (33. Kb1 $16 {keeps the pressure on.} Qf6 34. Qxf6+ (34. Qxb6 $2 Qxf3 35. Rc1 Bxe4 $17) 34... Kxf6 35. Kc1) 33... Qf4+ $19 34. Kb1 Qxf3 35. Rc1 Bxe4 {[%emt 0:03:00] White must now prevent ...Qe2.} 36. Qxb6 Qe3 {[%emt 0:02:40] Strongly threatening ...d3.} ({Worse is} 36... Rxh4 37. Qxe6 Rh5 38. Re7 $15) 37. Rxf7+ $2 {[%emt 0:09:39] White is weak on the light squares} (37. Qa5 c4 38. Qb6) 37... Kxf7 38. Qc7+ Kf6 {[%emt 0:00:21] aiming for ...d3.} 39. Rf1+ Rf5 40. Qd8+ Kg7 41. Qe7+ Kh6 42. Rc1 d3 {[%emt 0:00:14][%cal Bd4d3,Bd3c2][%mdl 32] Black mates.} 43. Qe8 dxc2+ 44. Ka2 Bd5+ 45. Ka1 Qxc1# {[%emt 0:00:06] Weighted Error Value: White=0.82/Black=0.41} 0-1

[Event "SixDays Budapest March GM-B 2023"]
[Site "Budapest"]
[Date "2023.03.25"]
[Round "2.5"]
[White "Priasmoro, Novendra"]
[Black "Swayams, Mishra"]
[Result "1-0"]
[ECO "C91"]
[WhiteElo "2521"]
[BlackElo "2489"]
[Annotator "TA"]
[PlyCount "129"]
[EventDate "2023.03.24"]
[EventType "tourn"]
[EventCountry "HUN"]
[SourceTitle "playchess.com"]
[Source "ChessBase"]
[SourceQuality "1"]
[TimeControl "5400+30"]

1. e4 e5 2. Nf3 Nc6 3. Bb5 a6 4. Ba4 Nf6 5. O-O Be7 6. Re1 b5 7. Bb3 O-O 8. d4 d6 9. c3 Bg4 10. d5 Na5 11. Bc2 c6 12. dxc6 {[%emt 0:00:23] C91: Closed Ruy Lopez: 7...d6 8 c3 0-0 9 d4.} Qc8 {[%emt 0:01:11] 12...Nxc6 is the modern continuation.} 13. h3 Be6 14. Bg5 ({White should play} 14. Ng5 $1 $14) 14... Qxc6 15. Nbd2 {[%emt 0:00:13] [#]} Rfc8 $146 ({Predecessor:} 15... Nc4 16. Nxc4 bxc4 17. Qe2 Rab8 18. b4 cxb3 19. Bxb3 a5 20. Bxe6 fxe6 21. Rab1 Rfc8 22. Rxb8 Rxb8 {½-½ Kakabayaev,M (2330)-Chudinovskikh,A (2219) Moscow RGSU op 2016 (6)}) 16. Rc1 h6 17. Bxf6 Bxf6 18. b4 Nc4 19. Nxc4 bxc4 (19... Bxc4 $142 20. Bb3 a5) 20. a4 $11 Rd8 21. Qe2 g6 22. Rcd1 Bg7 23. a5 Ra7 24. Qe3 Re7 25. Rd2 Kh7 26. Red1 Rb7 {[%emt 0:00:29] Prevents Qb6} 27. Ra1 Rbb8 28. h4 Bf6 29. g3 Kg7 30. Rad1 Qc7 31. Bb1 Qe7 32. Kg2 Qc7 33. Nh2 Rb5 34. Qf3 h5 35. Bc2 Rbb8 36. Qe2 Qc6 37. Nf1 d5 (37... Kh7 $14) 38. exd5 $18 Rxd5 (38... Bxd5+ $2 39. Rxd5 Rxd5 40. Be4 $18) (38... Qb7 {is a better defense.} 39. Ne3 (39. Qxc4 Rdc8 $18) 39... Bd7) 39. Qf3 Rc5 {[%emt 0:05:43][%cal Oe6h3] ...Bh3+! would be deadly.} 40. Be4 (40. bxc5 $2 Bh3+ 41. Kxh3 Qxf3 $19) 40... Qa4 41. Bc2 (41. bxc5 Bg4 $18) (41. Rd6 $142 Rc7 42. Rxa6) 41... Qc6 42. Qxc6 (42. bxc5 $2 Bh3+ 43. Kxh3 Qxf3 $19) (42. Be4 Qa4 43. Rd6 Rc7 $18) 42... Rxc6 {[%emt 0:00:01] [#]} 43. Be4 $1 Rc7 {[%emt 0:00:25] [#]} 44. Rd6 $1 Ra7 45. Ne3 Rc8 46. Rb6 {[%emt 0:02:53] Rdd6 is the strong threat.} Rcc7 $2 (46... Be7 47. Bb7 Rd8) 47. Rdd6 Be7 48. Rxe6 fxe6 49. Rxe6 Bf6 50. Nd5 Rf7 51. Rc6 Rf8 52. Rxc4 g5 53. hxg5 Bxg5 54. Rc6 {[%emt 0:01:33] Hoping for Rg6+.} Bd2 55. Rg6+ Kh8 56. Re6 Be1 57. f3 ({Less strong is} 57. Rxe5 Rxf2+ 58. Kh3 Kg7 59. Rg5+ (59. Rxh5 Raf7 $16) 59... Kf8 $16) 57... Rg7 58. Rxe5 ({Don't play} 58. Rxa6 Rxg3+ 59. Kf1 Bd2 $18) 58... Rxg3+ 59. Kf1 Bxc3 $2 (59... Bd2 60. Rxh5+ Kg8) 60. Rxh5+ Kg8 61. Kf2 Be1+ (61... Bxb4 $142 62. Kxg3 Bd2) 62. Kxe1 Rg2 63. Rh7 Rd8 64. Ne7+ Kf8 65. Ng6+ {[%emt 0:00:07] Weighted Error Value: White=0.23 (precise) /Black=0.48} 1-0

[Event "SixDays Budapest March GM-B 2023"]
[Site "Budapest"]
[Date "2023.03.25"]
[Round "3.1"]
[White "Swayams, Mishra"]
[Black "Vantika Agrawal"]
[Result "1/2-1/2"]
[ECO "E73"]
[WhiteElo "2489"]
[BlackElo "2367"]
[Annotator "TA"]
[PlyCount "44"]
[EventDate "2023.03.24"]
[EventType "tourn"]
[EventCountry "HUN"]
[SourceTitle "playchess.com"]
[Source "ChessBase"]
[SourceQuality "1"]
[TimeControl "5400+30"]

1. d4 Nf6 2. c4 g6 3. Nc3 Bg7 4. e4 d6 5. Be2 O-O 6. Bg5 c5 7. d5 e6 8. Qd2 exd5 9. exd5 Qb6 10. Nf3 Bf5 {[%emt 0:01:07] The position is equal.} 11. O-O {[%emt 0:14:26] E75: King's Indian: Averbakh Variation: 6...c5 7 d5 e6.} Ne4 12. Nxe4 Bxe4 13. Rae1 Qxb2 14. Be7 Re8 15. Bxd6 {[%emt 0:03:22] [#] Bd3 is the strong threat.} Nd7 16. Qxb2 {[%emt 0:11:02] [#] An uneventful encounter.   Weighted Error Value: White=0.08 (flawless) /Black=0.00 (flawless)} {Predecessor:} Bxb2 $146 17. Bf4 Bf5 18. Be3 b6 19. Rd1 Nf6 20. h3 Ne4 21. g4 Bd7 22. Bd3 Ba4 {1-0 Shabalov,A (2528)-Ravuri,V (2151) Las Vegas National op 2019 (1)} 1/2-1/2

[Event "SixDays Budapest March GM-B 2023"]
[Site "Budapest"]
[Date "2023.03.25"]
[Round "3.2"]
[White "Ilincic, Zlatko"]
[Black "Priasmoro, Novendra"]
[Result "0-1"]
[ECO "E62"]
[WhiteElo "2302"]
[BlackElo "2521"]
[Annotator "TA"]
[PlyCount "114"]
[EventDate "2023.03.24"]
[EventType "tourn"]
[EventCountry "HUN"]
[SourceTitle "playchess.com"]
[Source "ChessBase"]
[SourceQuality "1"]
[TimeControl "5400+30"]

1. d4 Nf6 2. c4 g6 3. g3 Bg7 4. Bg2 O-O 5. Nc3 d6 6. Nf3 Nc6 7. O-O Bf5 {[%emt 0:00:12] 7...e5 gains popularity.} 8. b3 e5 {[%emt 0:00:07] is the legacy move (8...Ne4).} 9. dxe5 {[%emt 0:01:49] E62: King's Indian: Fianchetto: 6...c6 and Panno Variation (6...Nc6) without ...a6.} (9. d5 $5 Ne7 10. Bb2 $14) 9... dxe5 10. Ba3 Re8 11. Nh4 {[%emt 0:00:22] The position is equal.} Bg4 12. Bxc6 bxc6 13. Qxd8 Raxd8 {[%emt 0:00:14] [#]} 14. f3 $146 ({Predecessor:} 14. Rfd1 e4 15. Bb2 Nd7 16. Kf1 Nc5 17. Rxd8 Rxd8 18. Rd1 Rd6 19. Rxd6 cxd6 20. Nd1 {0-1 Ustianovich,N (2376)-Yuffa,D (2582) Riga Tal Memorial rapid 2019 (10)}) 14... Bh3 15. Rfd1 e4 16. Rxd8 Rxd8 17. Rd1 $1 Re8 18. Bb4 (18. Nxe4 $14 Nxe4 19. fxe4) 18... exf3 $15 19. exf3 {[%emt 0:00:12] [#]} c5 $1 $36 {[%emt 0:06:11][%mdl 2048] Black has the initiative.} 20. Bxc5 (20. Ba5 g5) 20... Nd7 {[%emt 0:00:28][%mdl 64] Discovered Attack} 21. Bd4 {[%emt 0:01:00] [#]} Re1+ $1 {[%emt 0:00:50][%mdl 64] Deflection} 22. Rxe1 Bxd4+ 23. Kh1 {[%emt 0:00:08] Black must now prevent Nd5.} Bxc3 {[%emt 0:00:04] A strong pair of Bishops.} 24. Re8+ Kg7 25. Ng2 Ne5 26. Nf4 Bd7 27. Rd8 Bc6 28. Nd5 Bxd5 (28... Bd4 $17) 29. Rxd5 $11 c6 (29... Nxf3 $2 30. Rd3 $18) 30. Rd1 c5 (30... Nxf3 $2 31. Rd3 $18) (30... Bb4 $11) 31. Rd6 (31. Rd5 $1 $16) 31... a5 (31... Nxf3 $2 32. Rd3 $18) 32. Kg2 (32. f4 $5 Ng4 $8 33. Kg2 $11) 32... f5 33. h3 Nf7 34. Rb6 Bb4 35. f4 Kf8 36. g4 {[%emt 0:00:35][%mdl 1024] White has compensation.} Ke7 37. g5 (37. Rc6 $14) 37... Nd8 38. Kf3 Bd2 39. Ra6 Ne6 40. Ke2 (40. h4 $11) 40... Bxf4 $17 41. Rxa5 Bc7 {[%emt 0:00:10] Black is more active.} ({Don't play} 41... Nxg5 $6 42. Rxc5 Nxh3 43. a4 $11) 42. Ra7 Kd7 {[%emt 0:00:22] aiming for ...Nf4+.} 43. h4 Nd4+ 44. Kf2 Nc6 $1 45. Ra8 Bb8 46. a3 Kc8 {[%emt 0:03:29] Strongly threatening ...Na7.} 47. Ra4 Kb7 48. b4 Bd6 49. b5 {[%emt 0:00:31] [#]} Nb8 50. Kg2 Bc7 51. Kf2 Nd7 {[%emt 0:01:00] And now ...Nb6 would win.} 52. Kg2 $2 {[%emt 0:00:53][%mdl 8192] This move loses the game for White.} (52. Ke2 $15) 52... Ne5 $19 (52... Nb6 53. Ra6 $19) 53. Kf2 {[%emt 0:00:15] [#]} Nd3+ $1 54. Kf3 Nb2 {[%emt 0:00:06][%mdl 64] Deflection} 55. Ra6 Bb6 (55... Nxc4 $2 {too greedy.} 56. Ke2 $19) 56. a4 (56. Ke2 $142 Nxc4 57. Ra4) 56... Nxc4 57. Ke2 Na5 {[%emt 0:00:04] Weighted Error Value: White=0.41/Black=0.09 (flawless)} 0-1